 Dungeon Crawl Stone Soup version 0.22.0 (webtiles) character file.

211575 CyclopB the Severer (level 19, -6/155 HPs)
             Began as a Formicid Berserker on Jan 11, 2019.
             Was a High Priest of Trog.
             Mangled by the 27-headed Lernaean hydra (9 damage)
             ... on level 4 of the Swamp on Jan 12, 2019.
             The game lasted 05:58:02 (40553 turns).

CyclopB the Severer (Formicid Berserker)           Turns: 40553, Time: 05:58:02

Health: -6/155     AC: 21    Str: 30    XL:     19   Next: 61%
Magic:  18/18      EV: 26    Int: 10    God:    Trog [*****.]
Gold:   3246       SH: 21    Dex: 29    Spells: 18/18 levels left

rFire    + + +     SeeInvis +   G - +5 battleaxe (chop)
rCold    + + .     Gourm    .   O - +2 shield {rF+}
rNeg     . . .     Faith    .   p - +6 scale mail of the Pirate {rCorr}
rPois    +         Spirit   .   (helmet unavailable)
rElec    .         Reflect  +   M - scarf {rC+ rF+}
rCorr    +         Harm     .   D - +0 pair of gloves
MR       ++++.                  W - +0 pair of boots
Stlth    +.........             A - +3 amulet of reflection
HPRegen  1.35/turn              g - ring "Xagreguf" {rPois rF+ Dex+8}
MPRegen  0.16/turn              l - ring "Fiungylu" {rC+ MR+ Str+4 Int+3}

@: agile, lethally poisoned (-6 -> -6), regenerating, very slow
A: permanent stasis, dig shafts and tunnels, four strong arms, antennae 3, thin
metallic scales 1, deterioration 1, low mp 1, strong 1
}: 1/15 runes: gossamer
a: Dig, Shaft Self, Trog's Hand, Brothers in Arms, Renounce Religion


You were on level 4 of the Swamp.
You worshipped Trog.
Trog was extremely pleased with you.
You were very hungry.

You visited 5 branches of the dungeon, and saw 29 of its levels.
You also visited: Labyrinth, Bailey, Ice Cave and Volcano.

You collected 3246 gold pieces.

Inventory:

Hand Weapons
 j - a +1 broad axe of flaming
 o - a +5 broad axe of electrocution
 G - a +5 battleaxe of chopping (weapon)
 I - a +1 executioner's axe of draining
 R - a +0 hand crossbow of velocity
 Z - a +0 blowgun
Missiles
 e - 1005 stones (quivered)
 m - 16 tomahawks
 w - 207 bolts
 z - 16 curare-tipped needles
 H - 5 poisoned javelins
Armour
 p - the +6 scale mail of the Pirate (worn) {rCorr}
   (You found it on level 11 of the Dungeon)

   It provides partial protection from all sources of acid and corrosion.
 D - a +0 pair of gloves (worn)
 M - a scarf of resistance (worn)
 O - a +2 shield of fire resistance (worn)
 W - a +0 pair of boots (worn)
Jewellery
 g - the ring "Xagreguf" (left hand) {rPois rF+ Dex+8}
   (You found it on level 15 of the Dungeon)

   [ring of poison resistance]

   It affects your dexterity (+8).
   It protects you from fire.
   It protects you from poison.
 l - the ring "Fiungylu" (right hand) {rC+ MR+ Str+4 Int+3}
   (You found it on level 15 of the Dungeon)

   [ring of protection from cold]

   It affects your strength (+4).
   It affects your intelligence (+3).
   It protects you from cold.
   It affects your resistance to hostile enchantments.
 A - a +3 amulet of reflection (around neck)
 J - an uncursed amulet of the acrobat {unknown}
 L - an uncursed ring of flight
 P - an uncursed ring of positive energy
Wands
 a - a wand of clouds (1)
 h - a wand of paralysis (34)
 s - a wand of enslavement (23)
 y - a wand of flame (4)
 B - a wand of iceblast (18)
 E - a wand of digging (23)
 F - a wand of random effects (64)
 S - a wand of disintegration (10)
Scrolls
 d - 5 scrolls of magic mapping
 n - 9 scrolls of identify
 q - 12 scrolls of remove curse
 t - 3 scrolls of immolation
 K - a scroll of summoning {unknown}
 N - a scroll of silence
 V - 3 scrolls of fog
Potions
 b - a potion of ambrosia
 f - 3 potions of lignification
 i - a potion of curing
 k - 5 potions of mutation
 r - 2 potions of invisibility
 u - 2 potions of might
 v - 2 potions of cancellation
 x - 4 potions of agility
 U - a potion of resistance
Miscellaneous
 C - a lamp of fire (inert)
 Y - a phial of floods (inert)
Comestibles
 c - 68 rations


   Skills:
 - Level 15.0 Fighting
 + Level 20.3 Axes
 - Level 4.0 Throwing
 - Level 15.0 Armour
 - Level 10.0 Dodging
 * Level 14.0 Shields
 - Level 2.1 Evocations


You had 18 spell levels left.
You didn't know any spells.
Your spell library contained the following spells:

 Spells                   Type           Power        Failure   Level  Hunger
 Cause Fear               Hex            #.........   99%         4    #####..
 Magic Dart               Conj           #...         54%         1    ##.....
 Fireball                 Conj/Fire      #.........   100%        5    ######.
 Conjure Flame            Conj/Fire      #.......     88%         3    ####...
 Bolt of Magma            Conj/Fire/Erth #.........   100%        5    ######.
 Slow                     Hex            #.......     67%         2    ###....
 Confuse                  Hex            #.......     88%         3    ####...
 Invisibility             Hex            #.......     100%        6    #######
 Throw Flame              Conj/Fire      #.....       67%         2    ###....
 Throw Frost              Conj/Ice       #.....       67%         2    ###....
 Controlled Blink         Tloc           N/A          100%        8    #######
 Freezing Cloud           Conj/Ice/Air   #.........   100%        6    #######
 Mephitic Cloud           Conj/Pois/Air  #.......     88%         3    ####...
 Venom Bolt               Conj/Pois      #.........   100%        5    ######.
 Olgreb's Toxic Radiance  Pois           #.......     99%         4    #####..
 Bolt of Draining         Conj/Necr      #.........   100%        5    ######.
 Blink                    Tloc           N/A          67%         2    ###....
 Iskenderun's Mystic Bla  Conj           #.......     99%         4    #####..
 Freeze                   Ice            #...         54%         1    ##.....
 Sticky Flame             Conj/Fire      #.......     99%         4    #####..
 Summon Ice Beast         Ice/Summ       #.......     99%         4    #####..
 Ozocubu's Armour         Chrm/Ice       #.......     88%         3    ####...
 Call Imp                 Summ           #.......     67%         2    ###....
 Dispel Undead            Necr           #.......     100%        5    ######.
 Sting                    Conj/Pois      #...         54%         1    ##.....
 Sublimation of Blood     Necr           #.........   67%         2    ###....
 Tukima's Dance           Hex            #.......     88%         3    ####...
 Corpse Rot               Necr           N/A          67%         2    ###....
 Iron Shot                Conj/Erth      #.........   100%        6    #######
 Swiftness                Chrm/Air       #.......     67%         2    ###....
 Agony                    Necr           #.......     100%        5    ######.
 Spider Form              Tmut/Pois      #.........   88%         3    ####...
 Blade Hands              Tmut           #.........   100%        5    ######.
 Statue Form              Tmut/Erth      #........    100%        6    #######
 Ice Form                 Ice/Tmut       #.......     99%         4    #####..
 Deflect Missiles         Chrm/Air       #.........   100%        6    #######
 Throw Icicle             Conj/Ice       #.......     99%         4    #####..
 Shadow Creatures         Summ           N/A          100%        6    #######
 Confusing Touch          Hex            #.....       54%         1    ##.....
 Flame Tongue             Conj/Fire      #....        54%         1    ##.....
 Passwall                 Tmut/Erth      #.......     67%         2    ###....
 Sticks to Snakes         Tmut           #.......     67%         2    ###....
 Ensorcelled Hibernation  Hex/Ice        #.....       67%         2    ###....
 Metabolic Englaciation   Hex/Ice        #.........   100%        5    ######.
 Silence                  Hex/Air        #.........   100%        5    ######.
 Shatter                  Erth           #.........   100%        9    #######
 Corona                   Hex            #......      54%         1    ##.....
 Lee's Rapid Deconstruct  Erth           #.........   100%        5    ######.
 Excruciating Wounds      Chrm/Necr      #.........   100%        5    ######.
 Portal Projectile        Hex/Tloc       #.....       88%         3    ####...
 Petrify                  Tmut/Erth      #.......     99%         4    #####..
 Passage of Golubria      Tloc           N/A          99%         4    #####..
 Orb of Destruction       Conj           #.........   100%        7    #######
 Leda's Liquefaction      Hex/Erth       #.........   99%         4    #####..
 Darkness                 Hex            #.........   100%        6    #######
 Inner Flame              Hex/Fire       #.......     88%         3    ####...
 Beastly Appendage        Tmut           #.....       54%         1    ##.....
 Disjunction              Tloc           #.........   100%        8    #######
 Iskenderun's Battlesphe  Conj/Chrm      #.......     100%        5    ######.
 Fulminant Prism          Conj/Hex       #.........   99%         4    #####..
 Dazzling Spray           Conj/Hex       #.....       88%         3    ####...
 Force Lance              Conj/Tloc      #.......     99%         4    #####..
 Searing Ray              Conj           #.....       67%         2    ###....
 Discord                  Hex            #.........   100%        8    #######
 Spellforged Servitor     Conj/Summ      #.........   100%        7    #######
 Gell's Gravitas          Tloc           #.........   88%         3    ####...
 Yara's Violent Unravell  Hex/Tmut       #.........   100%        5    ######.
 Poisonous Vapours        Pois/Air       #.....       67%         2    ###....
 Borgnjor's Vile Clutch   Necr/Erth      #.........   100%        5    ######.


Dungeon Overview and Level Annotations

Branches:
Dungeon (15/15)            Temple (1/1) D:6            Lair (5/6) D:10
  Swamp (4/4) Lair:4       Spider (4/4) Lair:4        Slime (0/5) Lair:5
    Orc (0/2) D:9          Vaults (0/5) D:14         Depths (0/5) D:15

Altars:
Ashenzari
Cheibriados
Dithmenos
Elyvilon
Fedhas
Gozag
Hepliaklqana
Kikubaaqudgha
Makhleb
Nemelex Xobeh
Okawaru
Qazlal
Ru
Sif Muna
Trog
Uskayaw
Vehumet
Wu Jian
Xom
Yredelemnul
Zin
The Shining One

Shops:
D:13 }   D:14 (

Annotations:
Swamp:4 Lernaean hydra
Spider:1 exclusion: Roxanne, Roxanne


Innate Abilities, Weirdness & Mutations

You cannot be hasted, slowed, berserked, paralysed or teleported.
You can dig through walls and to a lower floor.
Your four strong arms can wield two-handed weapons with a shield.
You have a pair of large antennae on your head. (SInv)
You are partially covered in thin metallic scales. (AC +2)
Your body sometimes deteriorates upon taking damage.
Your magical capacity is low. (-10% MP)
Your muscles are strong. (Str +2)


Message History

Evoke which item? (* to show all) (? for menu, Esc to quit)
Okay, then.
You feel much better.
You feel sick. The six-headed hydra misses you.
You block the six-headed hydra's attack.
The six-headed hydra completely misses you.
You block the six-headed hydra's attack.
The six-headed hydra bites you but does no damage. x2
The 27-headed Lernaean hydra bites you.
* * * LOW HITPOINT WARNING * * *
The 27-headed Lernaean hydra misses you.
The 27-headed Lernaean hydra bites you but does no damage.
The 27-headed Lernaean hydra bites you.
* * * LOW HITPOINT WARNING * * *
The 27-headed Lernaean hydra completely misses you.
The 27-headed Lernaean hydra bites you!
* * * LOW HITPOINT WARNING * * *
The 27-headed Lernaean hydra misses you.
The 27-headed Lernaean hydra bites you but does no damage. x2
The 27-headed Lernaean hydra bites you!
You die...

♣♣≈≈≈≈.).. ≈≈ ♣≈≈#≈♣♣... .≈
≈.≈.≈.≈≈## ♣♣≈≈.♣♣#... § ##k#
≈#.≈≈≈≈≈ ♣≈≈#.♣≈.... .≈
#.≈.≈#§.≈≈≈≈≈ ♣♣♣≈.≈.≈.♣≈
#.##≈≈#.§.≈#≈# .♣♣≈≈♣≈♣♣♣
.≈.≈≈≈≈≈##≈#≈≈## .♣♣♣≈♣♣
≈≈≈≈.≈#≈##§D##≈######.♣♣♣.♣♣
.≈.≈≈#≈.[#kD@#≈≈.##...♣♣†..♣♣
.≈§......≈DDDD†≈†.....††.≈≈≈≈
≈≈#.#§≈.≈.§#≈≈≈#≈#...≈†...≈≈≈
#§≈≈≈≈≈≈.≈≈≈E≈≈####.♣♣...≈≈.
#####≈####≈≈#### ≈.♣♣≈..≈..≈
## #### ≈.♣♣♣≈≈...... ♣♣
♣♣.≈.≈... ≈≈.#≈≈.. ≈♣..≈.≈≈≈


You could see the 27-headed Lernaean hydra (inner flame), a six-headed hydra
(inner flame), 4 swamp dragons, a swamp drake (inner flame) and a friendly water
elemental.

Vanquished Creatures
  A sphinx (D:15)
  Gastronok (D:10)
  A storm dragon (D:15)
  Agnes (D:15)
  4 ghost moths (Spider:4)
  An orc warlord (Bailey)
  3 emperor scorpions
  Louise (Swamp:3)
  3 very ugly things
  2 entropy weavers
  A minotaur (Lab)
  4 spark wasps (Spider:4)
  3 ettins (D:15)
  A fire dragon (D:14)
  4 great orbs of eyes (D:15)
  A rakshasa (D:15)
  2 ice dragons (IceCv)
  8 vault guards
  17 hydras
  Erica (D:10)
  6 two-headed ogres
  A ghost crab (Swamp:4)
  5 centaur warriors
  2 tengu warriors (D:15)
  13 alligators
  Sonja (Lair:3)
  Urug (Lair:2)
  A hell knight (Volcano)
  16 skeletal warriors
  A fire crab (Lair:5)
  A salamander mystic (Volcano)
  A spriggan druid (Swamp:4)
  3 unseen horrors
  2 shambling mangroves (Swamp:2)
  10 swamp dragons
  A wolf spider zombie (D:14)
  19 orb spiders
  2 deep elf magi (D:15)
  3 moths of wrath
  An oklob plant (Lair:4)
  18 wolf spiders
  4 cyclopes
  2 centaur zombies
  3 manticores
  6 elephants
  4 salamanders (Volcano)
  A moth of wrath (shapeshifter) (D:13)
  Joseph (Lair:1)
  2 ice statues (IceCv)
  A gargoyle (D:13)
  A torpor snail (Spider:1)
  Psyche (D:9)
  12 spiny frogs
  The ghost of Caterwaul the Slasher, a novice HuFi of Okawaru (D:5)
  3 centaur skeletons
  3 kobold demonologists
  2 yaktaurs (D:15)
  2 efreet
  2 rime drakes (IceCv)
  10 demonic crawlers
  3 komodo dragons
  A tengu conjurer (D:15)
  A polar bear (Lair:4)
  2 trolls
  33 jumping spiders
  14 tyrant leeches
  16 hornets
  28 slime creatures
  5 bog bodies
  11 dream sheep
  A hippogriff (shapeshifter) (D:15)
  10 blink frogs
  A blink frog (shapeshifter) (D:14)
  9 hippogriffs
  A centaur simulacrum (D:15)
  5 spriggans
  84 redbacks
  36 tarantellas
  A wraith (D:15)
  Sigmund (D:6)
  3 shadows
  3 wyverns
  17 yaks
  A basilisk (D:15)
  A steam dragon (D:15)
  17 vampire mosquitoes
  3 hungry ghosts
  12 insubstantial wisps
  A soldier ant (shapeshifter) (D:14)
  8 water moccasins
  8 porcupines
  20 swamp worms
  2 acid dragons
  4 phantoms
  An ice beast (shapeshifter) (D:15)
  19 ice beasts
  A necrophage (D:8)
  3 sky beasts
  9 swamp drakes
  A hornet zombie (D:10)
  15 orc warriors
  6 ogres
  10 wolves (Lair:4)
  4 boggarts (D:15)
  6 centaurs
  10 crocodiles
  10 big kobolds
  13 bullfrogs
  A gnoll sergeant (D:10)
  9 scorpions
  9 killer bees
  2 vampire bats (Lair:5)
  2 wights (D:15)
  An electric eel (Spider:4)
  2 howler monkeys
  5 bullfrog zombies
  7 crimson imps
  3 jellies (Swamp:1)
  4 bullfrog skeletons
  6 hounds
  13 orc priests
  5 iguanas
  16 orc wizards
  11 worker ants
  A killer bee zombie (D:10)
  A hound skeleton (D:7)
  Robin (D:3)
  18 gnolls
  12 adders
  5 shadow imps
  An ooze (D:7)
  An adder skeleton (D:6)
  2 adder zombies
  2 worms
  A dart slug (D:2)
  9 leopard geckos
  66 orcs
  11 bats
  6 giant cockroaches
  34 goblins
  22 hobgoblins
  2 jackals (D:8)
  27 kobolds
  2 quokkas
  A ball python (D:1)
  10 frilled lizards
  A jackal zombie (D:8)
  A leopard gecko skeleton (D:5)
  2 quokka skeletons
  6 rats
  3 fungi
  A plant (D:10)
1045 creatures vanquished.

Vanquished Creatures (collateral kills)
  Rupert (Lair:3)
  4 elephants (Lair:3)
5 creatures vanquished.

Vanquished Creatures (others)
  A wolf spider (Spider:2)
  2 jumping spiders
  A fungus (Lair:4)
  5 plants
9 creatures vanquished.

Grand Total: 1059 creatures vanquished

Notes
Turn   | Place    | Note
-------+----------+-------------------------------------------
     0 | D:1      | CyclopB the Formicid Berserker began the quest for the Orb.
     0 | D:1      | Reached XP level 1. HP: 18/18 MP: 1/1
   279 | D:1      | Reached XP level 2. HP: 11/24 MP: 2/2
   570 | D:1      | Found a shattered altar of Ashenzari.
   917 | D:1      | Reached XP level 3. HP: 25/29 MP: 3/3
  1117 | D:1      | Reached skill level 4 in Axes
  1171 | D:2      | Reached ** piety under Trog
  1726 | D:2      | Reached XP level 4. HP: 23/35 MP: 4/4
  2356 | D:2      | Reached skill level 5 in Axes
  2614 | D:2      | Reached XP level 5. HP: 41/41 MP: 5/5
  2896 | D:3      | Noticed Sigmund
  3231 | D:4      | Noticed a phantom
  3520 | D:3      | Found a deep blue altar of Sif Muna.
  3655 | D:3      | Noticed Robin
  3735 | D:3      | Killed Robin
  4292 | D:5      | Entered Level 5 of the Dungeon
  4299 | D:5      | Noticed an ice beast
  4749 | D:4      | Gained mutation: Your muscles are strong. (Str +2) [potion of mutation]
  4749 | D:4      | Gained mutation: Your magical capacity is low. (-10% MP) [potion of mutation]
  4749 | D:4      | Gained mutation: Your body sometimes deteriorates upon taking damage. [potion of mutation]
  4749 | D:4      | Gained mutation: You are partially covered in thin metallic scales. (AC +2) [potion of mutation]
  5064 | D:4      | Reached skill level 6 in Axes
  5064 | D:4      | Reached XP level 6. HP: 47/47 MP: 5/5
  5526 | D:4      | Reached skill level 7 in Axes
  5526 | D:4      | Reached XP level 7. HP: 52/52 MP: 6/6
  6249 | D:4      | Reached skill level 8 in Axes
  6493 | D:5      | Found a runed door.
  6598 | D:5      | Reached XP level 8. HP: 58/58 MP: 7/7
  7357 | D:5      | Reached skill level 9 in Axes
  7442 | D:5      | Found a burning altar of Makhleb.
  7487 | D:5      | Found a sacrificial altar of Ru.
  7490 | D:5      | Found an ancient bone altar of Kikubaaqudgha.
  7582 | D:5      | Noticed Caterwaul's ghost (novice HuFi)
  8153 | D:6      | Found a transporter.
  8156 | D:6      | Noticed a kobold demonologist
  8184 | D:6      | Found a transporter.
  8218 | D:6      | Reached *** piety under Trog
  8218 | D:6      | Reached skill level 10 in Axes
  8434 | D:7      | Reached XP level 9. HP: 58/64 MP: 8/8
  8821 | D:6      | Found a shimmering altar of Xom.
  8928 | D:6      | Killed Sigmund
  8928 | D:6      | Reached skill level 11 in Axes
  9337 | D:6      | Found a staircase to the Ecumenical Temple.
  9552 | Temple   | Entered the Ecumenical Temple
 10253 | D:7      | Found a shattered altar of Ashenzari.
 10338 | D:7      | Found an iron altar of Okawaru.
 10338 | D:7      | Found a faded altar of an unknown god.
 10343 | D:7      | Found a faded altar of an unknown god.
 10345 | D:7      | Found a basalt altar of Yredelemnul.
 10346 | D:7      | Found a bloodstained altar of Trog.
 10683 | D:8      | Reached skill level 12 in Axes
 10972 | D:8      | Reached XP level 10. HP: 61/70 MP: 9/9
 10982 | D:8      | Reached **** piety under Trog
 11135 | D:8      | Found a white marble altar of Elyvilon.
 11175 | D:8      | Found a blossoming altar of Fedhas.
 11599 | D:9      | Reached skill level 13 in Axes
 11639 | D:9      | Noticed a two-headed ogre
 11665 | D:9      | Killed a two-headed ogre
 12015 | D:9      | Noticed Psyche
 12030 | D:9      | Killed Psyche
 12050 | D:9      | Received a gift from Trog
 12064 | D:9      | Found a staircase to the Orcish Mines.
 12080 | D:9      | Found a hide-covered altar of Uskayaw.
 12236 | D:9      | Reached skill level 14 in Axes
 12438 | D:9      | Found a shimmering altar of Xom.
 12476 | D:9      | Identified the Tome of the Supportive Compass
 12596 | D:10     | Entered Level 10 of the Dungeon
 12671 | D:10     | Found a staircase to the Lair.
 12685 | D:10     | Reached skill level 1 in Shields
 12772 | D:10     | Noticed Erica
 12798 | D:10     | Killed Erica
 12798 | D:10     | Reached XP level 11. HP: 20/75 MP: 9/9
 13816 | D:10     | Reached skill level 15 in Axes
 13833 | D:10     | Noticed Gastronok
 13943 | D:11     | Got a warped scale mail
 13958 | D:11     | Identified the +6 scale mail of the Pirate {rCorr} (You found it on level 11 of the Dungeon)
 14244 | D:11     | Noticed a cyclops
 14417 | Lair:1   | Entered Level 1 of the Lair of Beasts
 14417 | Lair:1   | Noticed Joseph
 14440 | Lair:1   | Killed Joseph
 14605 | Lair:1   | Found a labyrinth entrance.
 14670 | Lab      | Entered a labyrinth
 15251 | Lab      | Noticed a minotaur
 15271 | Lab      | Killed a minotaur
 15271 | Lab      | Reached skill level 16 in Axes
 15757 | D:5      | Killed Caterwaul's ghost
 16053 | D:10     | Killed Gastronok
 16053 | D:10     | Reached XP level 12. HP: 59/83 MP: 10/10
 16747 | D:11     | Reached skill level 5 in Fighting
 16815 | D:11     | Found a deep blue altar of Sif Muna.
 17167 | D:12     | Noticed a skeletal warrior
 17167 | D:12     | Noticed a skeletal warrior
 17178 | D:12     | Noticed a skeletal warrior
 17192 | D:12     | Killed a skeletal warrior
 17204 | D:12     | Killed a skeletal warrior
 17213 | D:12     | Killed a skeletal warrior
 17222 | D:12     | Noticed a skeletal warrior
 17230 | D:12     | Noticed a skeletal warrior
 17233 | D:12     | Killed a skeletal warrior
 17253 | D:12     | Killed a skeletal warrior
 17358 | D:12     | Found a flagged portal.
 17380 | Bailey   | Entered a bailey
 17503 | Bailey   | Reached skill level 5 in Armour
 17555 | Bailey   | Reached ***** piety under Trog
 17604 | Bailey   | Reached XP level 13. HP: 72/93 MP: 11/11
 17833 | Bailey   | Noticed an orc warlord
 17838 | Bailey   | Reached skill level 17 in Axes
 17893 | Bailey   | Killed an orc warlord
 19182 | D:13     | Found Kauh's Gadget Emporium.
 19183 | D:13     | Identified Ampo's Grimoire of the Icy Rocks
 19612 | D:13     | Noticed a centaur warrior
 19630 | D:13     | Killed a centaur warrior
 19630 | D:13     | Reached skill level 18 in Axes
 19695 | D:10     | Reached XP level 14. HP: 105/105 MP: 12/12
 20793 | Lair:2   | Found a frozen archway.
 20859 | Lair:2   | Noticed Urug
 20886 | Lair:2   | Killed Urug
 21008 | IceCv    | Entered an ice cave
 21014 | IceCv    | Received a gift from Trog
 21285 | IceCv    | Reached XP level 15. HP: 93/115 MP: 13/13
 21285 | IceCv    | Reached skill level 10 in Fighting
 21326 | IceCv    | Got a flickering jade ring
 21419 | IceCv    | Identified the ring of Curiosity {rPois rF+ Int-2 Slay+3 Stlth+} (You found it in an ice cave)
 22066 | Lair:3   | Noticed Rupert
 22087 | Lair:3   | Reached skill level 10 in Armour
 22088 | Lair:3   | Killed Rupert
 22088 | Lair:3   | Reached skill level 5 in Dodging
 22498 | Lair:3   | Found a dark tunnel.
 22503 | Volcano  | Entered a volcano
 22637 | Volcano  | Reached skill level 10 in Shields
 22946 | Lair:3   | Noticed Sonja
 22988 | Lair:3   | Killed Sonja
 23165 | Lair:4   | Found a staircase to the Swamp.
 23873 | Lair:4   | Found a hole to the Spider Nest.
 24170 | Lair:5   | Received a gift from Trog
 24322 | Lair:5   | Found a staircase to the Slime Pits.
 25127 | Spider:1 | Entered Level 1 of the Spider Nest
 25483 | Spider:1 | Reached XP level 16. HP: 121/122 MP: 14/14
 25648 | Spider:1 | Noticed Roxanne
 26493 | Spider:2 | Reached skill level 19 in Axes
 27993 | Spider:1 | Received a gift from Trog
 29076 | Spider:3 | Reached ****** piety under Trog
 29076 | Spider:3 | Received a gift from Trog
 29262 | Spider:3 | Got a dazzling rapier
 29537 | Spider:3 | Identified the +10 rapier of Action {flame, rF++ rC- Int+3 SInv} (You found it on level 3 of the Spider Nest)
 29582 | Spider:3 | Reached skill level 1 in Throwing
 29636 | Spider:4 | Entered Level 4 of the Spider Nest
 29988 | Spider:4 | Reached skill level 20 in Axes
 30056 | Spider:4 | Reached XP level 17. HP: 128/128 MP: 15/15
 31072 | Swamp:1  | Entered Level 1 of the Swamp
 31081 | Swamp:1  | Reached skill level 1 in Evocations
 31766 | Swamp:1  | Received a gift from Trog
 34198 | Swamp:3  | Received a gift from Trog
 34483 | Swamp:3  | Reached XP level 18. HP: 109/140 MP: 17/17
 34758 | Swamp:3  | Noticed Louise
 34813 | Swamp:3  | Killed Louise
 35022 | Swamp:3  | Received a gift from Trog
 35662 | D:14     | Found Niron's Weapon Boutique.
 35918 | D:14     | Found a gate to the Vaults.
 36460 | D:15     | Entered Level 15 of the Dungeon
 36502 | D:15     | Noticed Agnes
 36514 | D:15     | Killed Agnes
 36642 | D:15     | Reached skill level 10 in Dodging
 36686 | D:15     | Found a staircase to the Depths.
 36868 | D:15     | Got a pitted copper ring
 36870 | D:15     | Identified the ring "Xagreguf" {rPois rF+ Dex+8} (You found it on level 15 of the Dungeon)
 36941 | D:15     | Got a jewelled leather armour
 36965 | D:15     | Identified the +1 leather armour of Complete Protection {Int+3} (You found it on level 15 of the Dungeon)
 37180 | D:15     | Found an ancient bone altar of Kikubaaqudgha.
 37219 | D:15     | Got a smoking scale mail
 37230 | D:15     | Identified the cursed +1 scale mail of Patterns {Int+6 Stlth-} (You found it on level 15 of the Dungeon)
 37499 | D:15     | Got a bound platinum ring
 37501 | D:15     | Identified the ring "Fiungylu" {rC+ MR+ Str+4 Int+3} (You found it on level 15 of the Dungeon)
 37543 | D:15     | Found a radiant altar of Vehumet.
 37579 | D:15     | Received a gift from Trog
 37582 | D:15     | Reached skill level 15 in Armour
 37791 | D:15     | Found a shimmering altar of Xom.
 37968 | D:15     | Got a clouded golden ring
 37970 | D:15     | Identified the ring of Umathuej {rF+ Str+2} (You found it on level 15 of the Dungeon)
 38034 | D:15     | Reached XP level 19. HP: 96/151 MP: 18/18
 38396 | D:10     | Identified a scroll of acquirement
 39216 | Spider:4 | HP: 10/231 [emperor scorpion (31)]
 39533 | Spider:4 | Reached skill level 15 in Fighting
 39537 | Spider:4 | Got a gossamer rune of Zot
 39787 | Swamp:4  | Entered Level 4 of the Swamp
 39842 | Swamp:4  | Received a gift from Trog
 40506 | Swamp:4  | Noticed the 27-headed Lernaean hydra
 40552 | Swamp:4  | HP: 4/155 [the 27-headed Lernaean hydra (4)]
 40552 | Swamp:4  | HP: 1/155 [the 27-headed Lernaean hydra (2)]
 40553 | Swamp:4  | Mangled by the 27-headed Lernaean hydra

Skill      XL: |  1  2  3  4  5  6  7  8  9 10 11 12 13 14 15 16 17 18 19 |
---------------+----------------------------------------------------------+-----
Axes           | 4 5 6 7 8 10 12 14 16 18 20 | 20.3
Armour         | 3 4 5 8 9 12 14 15 | 15.0
Dodging        | 2 3 4 6 8 10 | 10.0
Shields        | 2 7 9 10 11 12 14 | 14.0
Fighting       | 6 8 9 10 12 13 15 | 15.0
Throwing       | 1 4 |  4.0
Evocations     | 2 |  2.1

Action                   |  1- 3 |  4- 6 |  7- 9 | 10-12 | 13-15 | 16-18 | 19-21 || total
-------------------------+-------+-------+-------+-------+-------+-------+-------++-------
Melee: Hand axe          |   113 |   234 |   215 |       |       |       |       ||   562
       War axe           |       |       |   227 |   613 |   861 |   970 |       ||  2671
       Broad axe         |       |       |       |   149 |    92 |    43 |    24 ||   308
       Battleaxe         |       |       |       |       |     6 |   580 |   231 ||   817
 Fire: Hand crossbow     |       |       |       |    25 |       |     9 |    10 ||    44
Throw: Stone             |    55 |    45 |   188 |   164 |   154 |   341 |    77 ||  1024
       Tomahawk          |       |       |       |     2 |       |     1 |       ||     3
       Javelin           |       |       |       |    13 |     4 |     1 |       ||    18
Invok: Trog's Hand       |       |     3 |     1 |     8 |     5 |     5 |     3 ||    25
       Brothers in Arms  |       |       |       |       |     4 |       |     1 ||     5
 Abil: Dig               |       |       |       |     1 |     3 |     1 |       ||     5
       Evoke Flight      |       |       |       |       |     1 |     2 |       ||     3
Evoke: Wand              |       |       |     3 |    37 |    12 |     2 |     7 ||    61
       Phial of floods   |       |       |       |       |       |     1 |     1 ||     2
       Lamp of fire      |       |       |       |       |       |       |     1 ||     1
  Use: Potion            |     1 |     4 |     4 |     7 |     6 |     2 |     7 ||    31
       Scroll            |       |     1 |     3 |     9 |    17 |    11 |     2 ||    43
 Stab: Paralysed         |       |       |       |     4 |     1 |     1 |       ||     6
       Confused          |       |       |       |       |     2 |       |       ||     2
  Eat: Chunk             |     2 |    10 |    23 |    28 |    74 |    48 |     6 ||   191
       Ration            |       |     1 |     1 |       |       |       |     1 ||     3
Armor: Animal skin       |     3 |       |       |       |       |       |       ||     3
       Leather armour    |    25 |    48 |    28 |       |       |       |       ||   101
       Skin              |       |    17 |    20 |    34 |    54 |     9 |    30 ||   164
       Ring mail         |       |       |    68 |       |       |       |       ||    68
       Scale mail        |       |       |    74 |   251 |   204 |   468 |    70 ||  1067
       Plate armour      |       |       |       |       |    91 |       |       ||    91
       Storm dragon scal |       |       |       |       |       |       |    30 ||    30
Dodge: Dodged            |    64 |   128 |   167 |   223 |   270 |   527 |   167 ||  1546
Block: Buckler           |       |       |       |    46 |       |       |       ||    46
       Shield            |       |       |       |    73 |   457 |   993 |   251 ||  1774
       Reflection        |       |       |       |       |       |     6 |     4 ||    10
